 Dungeon Crawl Stone Soup version 0.29-a0-512-gf59ac788ac (webtiles) character file.

Game seed: 7378762867174497186

182 Scoutboy87 the Skirmisher (level 5, -3/47 HPs)
             Began as a Minotaur Fighter on May 29, 2022.
             Slain by a gnoll
             ... wielding a +0 flail
             ... led by a gnoll shaman
              (5 damage)
             ... on level 4 of the Dungeon.
             The game lasted 00:10:34 (3090 turns).

Scoutboy87 the Skirmisher (Minotaur Fighter)        Turns: 3090, Time: 00:10:34

Health: -3/47      AC:  7    Str: 22    XL:     5   Next: 35%
Magic:  4/4        EV: 10    Int:  5    God:
Gold:   790        SH: 10    Dex: 12    Spells: 4/4 levels left

rFire   . . .      SeeInvis .   a - +0 war axe
rCold   . . .      Faith    .   c - +0 buckler
rNeg    . . .      Spirit   .   b - +0 scale mail
rPois   .          Reflect  +   (helmet restricted)
rElec   .          Harm     .   (no cloak)
rCorr   +          Rampage  .   (no gloves)
Will    .....                   (no boots)
Stlth   ..........              m - amulet of Cowardice {Reflect rCorr Dex+2 SH+5}
HPRegen 0.15/turn               (no ring)
MPRegen 0.09/turn               (no ring)

@: mighty
A: horns 2, retaliatory headbutt
a: no special abilities


You were on level 4 of the Dungeon.
You visited 1 branch of the dungeon, and saw 4 of its levels.

You collected 790 gold pieces.

Inventory:

Hand Weapons
 a - a +0 war axe (weapon)
 f - a +0 morningstar
Armour
 b - a +0 scale mail (worn)
 c - a +0 buckler (worn)
Jewellery
 e - an amulet of the acrobat
 m - the amulet of Cowardice (around neck) {Reflect rCorr Dex+2 SH+5}
   (You acquired it on level 3 of the Dungeon)

   [amulet of reflection]

   It reflects blocked missile attacks.
   Dex:       It affects your dexterity (+2).
   rCorr:     It protects you from acid and corrosion.
   SH:        It affects your SH (+5).
Wands
 o - a wand of digging (3)
Scrolls
 l - 3 scrolls of torment {unknown}
 n - a scroll of teleportation {unknown}
 p - a scroll of magic mapping {unknown}
 r - a scroll of immolation {unknown}
Potions
 g - a potion of curing {unknown}
 h - 2 potions of brilliance
 i - 2 potions of heal wounds {unknown}
 j - a potion of mutation {unknown}
 q - 2 potions of degeneration {unknown}


   Skills:
 + Level 4.4 Fighting
 + Level 4.1 Axes
 * Level 1.0 Throwing
 + Level 4.3 Armour
 * Level 2.2 Dodging
 + Level 4.3 Shields


You had 4 spell levels left.
You didn't know any spells.
Your spell library contained the following spells:

 Spells                   Type           Power      Damage    Failure   Level
 Apportation              Tloc           0%         N/A       87%         1
 Static Discharge         Conj/Air       0%         N/A       95%         2
 Alistair's Intoxication  Tmut/Pois      0%         N/A       100%        5
 Lightning Bolt           Conj/Air       0%         1d11      100%        5
 Maxwell's Capacitive Co  Air            0%         ∞         100%        8


Dungeon Overview and Level Annotations

Branches:
Dungeon (4/15)
 Temple: D:4-7

Altars:
Uskayaw

Shops:
D:1 *=([


Innate Abilities, Weirdness & Mutations

You have a pair of horns on your head.
You reflexively headbutt those who attack you in melee.


Message History

r - a scroll labelled CONESA JIXKIM You block the gnoll's attack.
The gnoll throws a throwing net.
The throwing net hits you.
You become entangled in the net!
You see here a throwing net.
You tear a large gash into the net.
The gnoll hits you with a +0 halberd.
You struggle against the net.
The gnoll shaman calls upon its god to speed up the gnoll.
The gnoll seems to speed up.
The gnoll barely misses you. x2
You furiously retaliate!
You headbutt the gnoll.
You rip the net and break free!
The gnoll hits you with a +0 halberd! The gnoll shaman misses you.
You furiously retaliate!
You headbutt the gnoll shaman! The gnoll closely misses you.
You block the gnoll's attack.
You barely miss the gnoll. Your headbutt misses the gnoll.
The gnoll is moderately wounded.
You hit the gnoll shaman. The gnoll hits you with a +0 halberd.
The gnoll shaman calls upon its god to speed up the gnoll.
The gnoll seems to speed up.
You block the gnoll's attack. The gnoll hits you with a +0 halberd.
The gnoll shaman calls upon its god to heal the gnoll.
The gnoll's wounds heal themselves!
The gnoll hits you from afar with a +0 spear!
You closely miss the gnoll. You slash the gnoll shaman!
You kill the gnoll shaman!
The gnoll hits you with a +0 halberd.
The gnoll hits you from afar with a +0 spear.
* * * LOW HITPOINT WARNING * * *
The gnoll hits you but does no damage. x2
Your Throwing skill increases to level 1!
The air fills with toxic fumes!
As you read the scroll labelled HUCRIUCEK DIS, it crumbles to dust.
It was a scroll of poison.
The gnoll hits you with a +0 halberd.
* * * LOW HITPOINT WARNING * * *
The gnoll barely misses you. The gnoll misses you.
You feel very mighty all of a sudden. The gnoll hits you with a +0 halberd!
* * * LOW HITPOINT WARNING * * *
The gnoll hits you with a +0 flail.
You die...

§#§§§# §§§§§§#
§§§§§§§ #####
§§§§§§§#########....
§§§§§..........# §g§
##[<# #g######...#
#g@§##...#.#
###§§§§###.# #§####
#.. ..§§ ####
...##§§ ..... §§§
.... §§§§ .... #§###
... ..


You could see 3 gnolls.

Vanquished Creatures
  A gnoll shaman (D:4)
  Jessica (D:2)
  2 orc wizards (D:3)
  2 dart slugs
  2 worms (D:3)
  8 orcs (D:3)
  7 ball pythons
  5 bats
  5 endoplasms
  A giant cockroach (D:3)
  6 goblins
  8 hobgoblins
  2 jackals (D:1)
  5 kobolds
  6 frilled lizards
  5 rats
66 creatures vanquished.

Notes
Turn   | Place    | Note
-------+----------+-------------------------------------------
     0 | D:1      | Scoutboy87 the Minotaur Fighter began the quest for the
                  | Orb.
     0 | D:1      | Reached XP level 1. HP: 19/19 MP: 0/0
   145 | D:1      | Found Zucs's General Store.
   150 | D:1      | Reached XP level 2. HP: 24/27 MP: 1/1
   245 | D:1      | Found Turoxtag's Jewellery Emporium.
   249 | D:1      | Found Loxuugho's Weapon Shop.
   386 | D:1      | Reached skill level 1 in Dodging
   427 | D:1      | Reached XP level 3. HP: 33/33 MP: 2/2
   438 | D:1      | Found Destrih's Antique Armour Shoppe.
   844 | D:2      | Noticed Jessica
   853 | D:2      | Killed Jessica
  1260 | D:2      | Found a faded altar of an unknown god.
  1653 | D:3      | Identified a scroll of acquirement
  1653 | D:3      | Acquired 594 gold pieces
  1777 | D:3      | Acquired the amulet of Cowardice {Reflect rCorr Dex+2 SH+5}
  1812 | D:3      | Reached XP level 4. HP: 40/40 MP: 3/3
  2410 | D:3      | Reached XP level 5. HP: 26/47 MP: 4/4
  2620 | D:3      | Found a hide-covered altar of Uskayaw.
  2765 | D:4      | Noticed a phantom
  3089 | D:4      | Reached skill level 1 in Throwing
  3090 | D:4      | HP: 2/47 [gnoll/+0 halberd[a gnoll shaman] (7)]
  3090 | D:4      | Slain by a gnoll

Illustrated notes

Levels and vault maps discovered:
D:1:      shiori_angband_town, layout_rooms, serial_shops,
          nicolae_shop_behind_doors, shop_fountains, nicolae_shop_crystal, shop
D:2:      layout_basic, serial_forest, infiniplex_forest_straight_4,
          infiniplex_forest_lined_2, infiniplex_forest_end_1,
          infiniplex_forest_clump_double, infiniplex_forest_end_2,
          infiniplex_forest_lined_3, infiniplex_forest_lined_2,
          infiniplex_forest_lined_2, infiniplex_forest_side_room,
          infiniplex_forest_clump_cross, ebering_ecumenical_altar_abandoned,
          uniq_jessica
D:3:      minmay_razor_zed, layout_loops_cross,
          nicolae_uskayaw_murder_on_the_dancefloor, minmay_hedge_maze,
          minmay_misc_feat_alley
D:4:      layout_rooms, mainiacjoe_overflow_concentric_impassable,
          kennysheep_mini

Skill      XL: |  1  2  3  4  5 |
---------------+----------------+-----
Dodging        | 1 2 |  2.2
Shields        | 4 |  4.3
Fighting       | 4 |  4.4
Axes           | 3 4 |  4.1
Armour         | 4 |  4.3
Throwing       | 1 |  1.0

Action                   |  1- 3 |  4- 6 || total
-------------------------+-------+-------++-------
Melee: War axe           |    82 |    70 ||   152
       Headbutt          |     5 |    12 ||    17
  Use: Scroll            |     5 |     2 ||     7
       Potion            |       |     1 ||     1
Armor: Scale mail        |    38 |    19 ||    57
Dodge: Dodged            |    51 |    26 ||    77
Block: Buckler           |    22 |    32 ||    54
       Reflection        |       |     8 ||     8

Table legend: (Time is in decaauts)
 A = Elapsed time spent in this place.
 B = Non-inter-level travel time spent in this place.
 C = Inter-level travel time spent in this place.
 D = Time resting spent in this place.
 E = Time spent auto-exploring this place.
 F = Levels seen in this place.
 G = Mean time per level.
                   A        B        C        D        E       F      G
               +--------+--------+--------+--------+--------+-----+--------+
         Total |   3148 |   3013 |    135 |    386 |   2098 |   4 |  787.0 |
       Dungeon |   3148 |   3013 |    135 |    386 |   2098 |   4 |  787.0 |
               +--------+--------+--------+--------+--------+-----+--------+

Top non-repeatable levels by time:
     D:3: 1507 daAuts
     D:2: 955 daAuts
     D:1: 664 daAuts
     D:4: 20 daAuts
